 Dungeon Crawl Stone Soup version 0.29-a0-911-g88e6f02907 (webtiles) character file.

Game seed: 9682365314787455223

38014 mcwallace the Fighter (level 14, -2/75 HPs)
             Began as a Vine Stalker Ice Elementalist on July 26, 2022.
             Was an Elder of the Shining One.
             Slain by a spriggan rider
             ... wielding a +0 spear
              (15 damage)
             ... on level 5 of the Lair of Beasts.
             The game lasted 00:44:37 (11277 turns).

mcwallace the Fighter (VSIE)                       Turns: 11277, Time: 00:44:38

Health: -2/75      AC: 12    Str: 11    XL:     14   Next: 0%
Magic:  0/26       EV: 26    Int: 31    God:    the Shining One [****..]
Gold:   1784       SH:  0    Dex: 20    Spells: 11/28 levels left

rFire   . . .      SeeInvis .   i - +6 battleaxe "Ularphag" {spect, *Rage Int+6 Dex+4, axe}
rCold   . . .      Faith    .   (shield currently unavailable)
rNeg    + + .      Spirit   +   I - +2 robe {Will+}
rPois   .          Reflect  .   W - +1 helmet {Int+3}
rElec   .          Harm     .   V - +2 cloak
rCorr   +          Rampage  .   (no gloves)
Will    ++...      Rage     20% c - +1 pair of boots "Acsu Utuzang" {rCorr Int+3}
Stlth   +.........              N - amulet of magic regeneration {@e2}
HPRegen 1.02/turn               x - +4 ring of evasion
MPRegen 0.60/turn               C - +4 ring of evasion

@: wereblooded, glowing
A: fangs 3, regeneration 1, magic shield, antimagic bite, no potion heal 2
a: Renounce Religion, Divine Shield, Cleansing Flame


You were on level 5 of the Lair of Beasts.
You worshipped the Shining One.
The Shining One was greatly pleased with you.
You visited 3 branches of the dungeon, and saw 14 of its levels.

You collected 2272 gold pieces.
You spent 488 gold pieces at shops.


Innate Abilities, Weirdness & Mutations

You have razor-sharp teeth.
Your natural rate of healing is unusually fast.
When hurt, damage is shared between your health and your magic reserves.
Your bite disrupts and absorbs the magic of your enemies.
Potions cannot restore your health.


   Skills:
 + Level 9.6 Fighting
 + Level 8.0 Axes
 + Level 5.6 Armour
 + Level 9.0 Dodging
 - Level 2.4 Stealth
 + Level 7.8 Spellcasting
 - Level 8.8 Ice Magic
 - Level 7.5 Air Magic
 * Level 8.0 Invocations


You had 11 spell levels left.
You knew the following spells:

 Your Spells              Type           Power      Damage    Failure   Level
a - Freeze                Ice            100%       1d11      1%          1
b - Frozen Ramparts       Ice            100%       1d12      1%          3
c - Ozocubu's Armour      Ice            61%        N/A       1%          3
d - Airstrike             Air            28%        0-9+      1%          4
e - Summon Lightning Spi  Summ/Air       35%        N/A       9%          4
f - Wereblood             Tmut           12%        N/A       6%          2

Your spell library contained the following spells:

 Spells                   Type           Power      Damage    Failure   Level
 Shock                    Conj/Air       100%       1d9       1%          1
 Swiftness                Air            56%        N/A       1%          3
 Blink                    Tloc           24%        N/A       6%          2
 Sublimation of Blood     Necr           12%        N/A       6%          2
 Hailstorm                Conj/Ice       39%        3d9       7%          4
 Gell's Gravitas          Tloc           12%        N/A       12%         3
 Teleport Other           Tloc           12%        N/A       12%         3
 Lightning Bolt           Conj/Air       17%        1d32      24%         5
 Manifold Assault         Tloc           12%        N/A       75%         5
 Dispersal                Tloc           6%         N/A       99%         6
 Storm Form               Tmut/Air       17%        N/A       100%        7
 Summon Hydra             Summ           6%         N/A       100%        7

Inventory:

Hand Weapons
 i - the +6 battleaxe "Ularphag" (weapon) {spect, *Rage Int+6 Dex+4, axe}
   (You acquired it on level 8 of the Dungeon)

   When its wielder attacks, the weapon's spirit leaps out and strikes again.
   The spirit shares a part of any damage it takes with its wielder.
   Int:       It affects your intelligence (+6).
   Dex:       It affects your dexterity (+4).
   *Rage:     It berserks you when you make melee attacks (+20% chance).
 s - a +2 shortbow of freezing {bow}
   (You found it on level 2 of the Dungeon)
 v - a +1 dagger of flaming {short}
   (You found it on level 5 of the Dungeon)
 y - a +0 rapier {short}
   (You found it on level 5 of the Dungeon)
 F - a +4 scimitar of flaming {long}
   (You took it off Erica on level 8 of the Dungeon)
Missiles
 d - 77 stones {throwing}
 e - 5 javelins {throwing}
 t - 37 poisoned darts (quivered) {throwing}
Armour
 c - the +1 pair of boots "Acsu Utuzang" (worn) {rCorr Int+3}
   (You acquired it on level 8 of the Dungeon)

   Int:       It affects your intelligence (+3).
   rCorr:     It protects you from acid and corrosion.
 I - a +2 robe of willpower (worn)
   (You took it off Erica on level 8 of the Dungeon)
 K - +0 steam dragon scales
   (You found it on level 4 of the Dungeon)
 L - a +0 pair of boots
   (You found it on level 4 of the Dungeon)
 S - a +0 robe
   (You took it off a wight on level 8 of the Dungeon)
 U - a +0 robe
   (You found it on level 5 of the Dungeon)
 V - a +2 cloak (worn)
   (You bought it in a shop on level 5 of the Dungeon)
 W - a +1 helmet of intelligence (worn)
   (You bought it in a shop on level 5 of the Dungeon)
 X - a +0 ring mail
   (You took it off an orc on level 7 of the Dungeon)
 Y - a +0 robe
   (You found it on level 7 of the Dungeon)
 Z - a +0 scale mail
   (You took it off an orc on level 7 of the Dungeon)
Jewellery
 x - a +4 ring of evasion (left hand)
   (You found it on level 4 of the Lair of Beasts)
 C - a +4 ring of evasion (right hand)
   (You found it on level 3 of the Lair of Beasts)
 H - a ring of positive energy
   (You found it on level 4 of the Dungeon)
 N - an amulet of magic regeneration (around neck) {@e2}
   (You found it on level 4 of the Lair of Beasts)
Wands
 n - a wand of roots (10)
   (You found it on level 2 of the Dungeon)
 D - a wand of mindburst (26)
   (You took it off Ijyb on level 4 of the Dungeon)
 T - a wand of paralysis (16)
   (You found it on level 8 of the Dungeon)
Scrolls
 b - a scroll of noise {unknown}
 m - a scroll of immolation {!r!r}
 o - a scroll of silence {unknown}
 p - 7 scrolls of teleportation {@r4}
 r - 3 scrolls of butterflies
 A - a scroll of amnesia {unknown}
 E - 3 scrolls of enchant armour
 J - a scroll of poison {unknown}
 O - a scroll of vulnerability {!r!r}
Potions
 a - a potion of might {unknown}
 f - 3 potions of lignification {!q}
 g - 4 potions of heal wounds {@q2}
 h - 4 potions of haste {@q3}
 j - 3 potions of curing {@q1}
 k - 2 potions of degeneration {unknown}
 l - 8 potions of ambrosia
 q - 4 potions of flight {unknown}
 u - 3 potions of attraction {unknown}
 w - a potion of brilliance {unknown}
 z - 4 potions of berserk rage {!q}
 G - 2 potions of mutation {unknown}
 M - a potion of invisibility {unknown}

Dungeon Overview and Level Annotations

Branches:
Dungeon (8/15) Zot: 26153  Temple (1/1) D:5 Zot: 5969    Lair (5/5) D:8 Zot: 24903
  Swamp (0/4) Lair:2        Snake (0/4) Lair:2        Slime (0/5) Lair:5

Altars:
Ashenzari
Elyvilon
Fedhas
Kikubaaqudgha
Makhleb
Okawaru
Qazlal
Sif Muna
Wu Jian
Yredelemnul
The Shining One
Jiyva

Shops:
D:4 *   D:5 [

Annotations:
D:6 3 runed translucent doors, quixfox's ghost, amateur GrEE
Lair:1 1 runed translucent door, Rozof's ghost, journeyman GnCA

♣..♣♣. ♣♣....
..... ♣♣.....
♣...♣ .. ♣♣......
♣...♣♣ ♣.♣
♣.......
♣♣....♣♣♣♣..♣
♣.......
♣.......♣...♣
♣♣.......
♣†...♣..♣
♣........
♣..i♣i.♣
♣........
♣..@)†.♣
♣♣...††...
♣...).♣♣
♣.........
♣♣♣♣†♣♣
♣...[..... ♣).♣
♣.♣♣...... ♣†.♣♣
♣♣.♣♣.....#
♣♣.)♣♣♣.♣♣♣♣♣♣###
♣.).♣♣.♣ ##
♣♣♣..♣.♣ #P
♣♣.†.♣ ♣#


You could see 2 spriggan riders.


Message History

You lost 1 mp, and now have 21/25 mp.
You chop one of the three-headed hydra's heads off!
The flame cauterises the wound!
You slash the two-headed hydra! You burn the two-headed hydra.
You bite the two-headed hydra.
You kill the two-headed hydra!
The spriggan rider hits you but does no damage.
A spriggan rider comes into view. It is wielding a +0 spear.
The spriggan hits you but does no damage.
The spriggan rider barely misses you.
Your Dodging skill increases to level 9!
Your Invocations skill increases to level 8! 😕 HP[+2] MP[+1]
You regained 2 hp, and now have 56/70 hp.
Casting: Summon Lightning Spire (dangerous; 13% risk of failure)
Confirm with . or Enter, or press ? or * to list all spells.
Okay, then.
Your +4 scimitar of flaming {long} stops flaming.
You feel clever.
You feel agile.
You feel a bond with the +6 battleaxe "Ularphag" {spect, *Rage Int+6 Dex+4, axe}.
i - the +6 battleaxe "Ularphag" (weapon)
{spect, *Rage Int+6 Dex+4, axe} The spriggan rider shouts!
The spriggan closely misses you.
Casting: Summon Lightning Spire (dangerous; 9% risk of failure)
Confirm with . or Enter, or press ? or * to list all spells.
Your blood is infused with primal strength.
The spriggan rider hits you from afar with a +0 spear!
The spriggan misses you. 😮 HP[-5] MP[-3]
You take 5 damage, and now have 51/70 hp.
You lost 3 mp, and now have 19/25 mp.
The spriggan rider hits you with a +0 spear!
The spriggan misses you.
Things that are here:
a +0 dagger {short}; a +0 robe; a spriggan corpse 😮 HP[-8] MP[-2]
You take 8 damage, and now have 43/70 hp.
You lost 2 mp, and now have 17/25 mp.
Unknown command.
You hit the spriggan rider but do no damage.
You bite the spriggan rider. You drain its power.
You feel invigorated.
You miss the spriggan.
Your +6 battleaxe "Ularphag" {spect, *Rage Int+6 Dex+4, axe} hits the spriggan.
Your +6 battleaxe "Ularphag" {spect, *Rage Int+6 Dex+4, axe} hits the water moccasin!
The spriggan rider hits you but does no damage.
The water moccasin misses your +6 battleaxe "Ularphag" {spect, *Rage Int+6 Dex+4, axe}.
The spriggan rider hits you from afar with a +0 spear.
The spriggan completely misses you. The spriggan rider misses you. 😮 HP[+1]
The spriggan rider blocks your attack.
Your bite misses the spriggan rider. You slash the spriggan!
Your +6 battleaxe "Ularphag" {spect, *Rage Int+6 Dex+4, axe} hits the spriggan!!
You feel a bit better.
You kill the spriggan!
Your +6 battleaxe "Ularphag" {spect, *Rage Int+6 Dex+4, axe} hits the water moccasin!
You recover from your berserk rage.
The water moccasin bites your +6 battleaxe "Ularphag" {spect, *Rage Int+6 Dex+4, axe} but does no damage.
The spriggan rider misses you.
The water moccasin completely misses your +6 battleaxe "Ularphag" {spect, *Rage Int+6 Dex+4, axe}.
The spriggan rider misses you. 😮 HP[+5] MP[+1]
You regained 5 hp, and now have 49/70 hp.
You slash the spriggan rider!
Your +6 battleaxe "Ularphag" {spect, *Rage Int+6 Dex+4, axe} closely misses the spriggan rider.
Your +6 battleaxe "Ularphag" {spect, *Rage Int+6 Dex+4, axe} hits the spriggan rider!!
Your +6 battleaxe "Ularphag" {spect, *Rage Int+6 Dex+4, axe} completely misses the water moccasin.
The water moccasin bites your +6 battleaxe "Ularphag" {spect, *Rage Int+6 Dex+4, axe} but does no damage.
The spriggan rider misses you.
The spriggan rider hits you with a +0 spear!!
The water moccasin bites your +6 battleaxe "Ularphag" {spect, *Rage Int+6 Dex+4, axe}.
Your spectral weapon shares its damage with you!
* * * LOW HITPOINT WARNING * * *
The spriggan rider hits you but does no damage. 😨 HP[-15] MP[-5]
You take 15 damage, and now have 34/70 hp.
MASSIVE DAMAGE!! (PAUSE)
You lost 5 mp, and now have 13/25 mp.
You closely miss the spriggan rider. Your bite misses the spriggan rider.
The spriggan rider blocks your +6 battleaxe "Ularphag" {spect, *Rage Int+6 Dex+4, axe}'s attack.
Your +6 battleaxe "Ularphag" {spect, *Rage Int+6 Dex+4, axe} hits the water moccasin!!
You kill the water moccasin!
Your +6 battleaxe "Ularphag" {spect, *Rage Int+6 Dex+4, axe} hits the spriggan rider.
You howl as the wereblood boils in your veins!
The spriggan rider hits you with a +0 spear.
* * * LOW HITPOINT WARNING * * *
The spriggan rider hits you from afar with a +0 spear!
* * * LOW HITPOINT WARNING * * *
The spriggan rider barely misses you.
You have reached level 14! 😨 HP[-6] MP[-3]
You now have 75 max hp (+5).
You take 6 damage, and now have 28/75 hp.
You lost 3 mp, and now have 10/26 mp.
You closely miss the spriggan rider.
The spriggan rider blocks your +6 battleaxe "Ularphag" {spect, *Rage Int+6 Dex+4, axe}'s attack.
Your +6 battleaxe "Ularphag" {spect, *Rage Int+6 Dex+4, axe} closely misses the spriggan rider.
Your +6 battleaxe "Ularphag" {spect, *Rage Int+6 Dex+4, axe} fades away.
The spriggan rider hits you from afar with a +0 spear!!
* * * LOW HITPOINT WARNING * * *
The spriggan rider hits you with a +0 spear!!
You die...

Skill      XL: |  1  2  3  4  5  6  7  8  9 10 11 12 13 |
---------------+----------------------------------------+-----
Fighting       | 1 3 4 5 6 7 8 9 |  9.6
Dodging        | 2 3 4 5 6 7 8 9 |  9.0
Spellcasting   | 3 4 5 6 7 |  7.8
Air Magic      | 1 2 3 4 5 7 |  7.5
Ice Magic      | 5 6 7 8 |  8.8
Axes           | 2 4 5 7 8 |  8.0
Armour         | 2 4 5 |  5.6
Invocations    | 5 8 |  8.0
Stealth        | |  2.4

Action                   |  1- 3 |  4- 6 |  7- 9 | 10-12 | 13-15 || total
-------------------------+-------+-------+-------+-------+-------++-------
Melee: Club              |     6 |       |       |       |       ||     6
       Bite              |    16 |    10 |    27 |    78 |    67 ||   198
       Hand axe          |    35 |    19 |     6 |       |       ||    60
       Punch             |       |     1 |     1 |       |       ||     2
       Rapier            |       |       |    37 |       |       ||    37
       Battleaxe         |       |       |    18 |   174 |   134 ||   326
       Scimitar          |       |       |       |     6 |     4 ||    10
 Fire: Shortbow          |       |    59 |    64 |       |    12 ||   135
Throw: Dart              |       |       |     1 |     1 |       ||     2
 Cast: Freeze            |    31 |     1 |     1 |       |       ||    33
       Frozen Ramparts   |     2 |     6 |    15 |    17 |     1 ||    41
       Ozocubu's Armour  |       |       |     5 |    12 |     2 ||    19
       Summon Lightning  |       |       |       |     4 |     4 ||     8
       Wereblood         |       |       |       |     3 |     5 ||     8
Invok: Cleansing Flame   |       |       |       |       |     2 ||     2
Evoke: Wand              |       |     1 |     5 |     3 |       ||     9
  Use: Scroll            |       |     3 |     5 |     5 |     1 ||    14
       Potion            |       |       |     2 |     2 |       ||     4
 Stab: Sleeping          |     3 |     2 |       |       |       ||     5
Armor: Robe              |    15 |     5 |    29 |    88 |    27 ||   164
       Steam dragon scal |       |       |     3 |       |       ||     3
Dodge: Dodged            |    25 |    21 |    87 |   187 |   160 ||   480

Levels and vault maps discovered:
D:1:      amcnicky_arrival_flooded_fountain, layout_loops_ring,
          ebering_ecumenical_altar_ruins
D:2:      layout_loops_ring, basic_altar, serial_rivers,
          chequers_serial_rivers_room_b, chequers_serial_rivers_large_b,
          chequers_serial_rivers_micro_a, chequers_serial_rivers_room_a
D:3:      layout_loops_cross
D:4:      minmay_polygon_palace, layout_basic, serial_shops, kennysheep_mini,
          uniq_ijyb, uniq_pikel
D:5:      layout_cave_pools, minmay_temple_entry_sparse_star, serial_shops,
          nicolae_shop_waterfront
D:6:      layout_gridville, mainiacjoe_overflow_six_doors_small,
          gammafunk_ghost_split, uniq_eustachio
D:7:      layout_loops_ring, makhleb_heckhound_becter,
          mainiacjoe_overflow_paths, dreamdust_princess_corridor, minivault_14,
          dk_noncrumbling_4
D:8:      layout_rooms, kiku_gazebo_pond_becter, erik_lair_island,
          minmay_nine_imps, uniq_erica
Temple:   nicolae_temple_bog_church
Lair:1:   layout_small_grid, special_room [special_room_bee],
          hellmonk_ghost_happy_afterlife, grunt_megastairs_3
Lair:2:   layout_cave_shapes, swamp_mist, guppyfry_snake_entry_garden,
          chequers_serial_rivers_micro_b, uniq_amaemon
Lair:3:   layout_regular_city, uniq_urug
Lair:4:   slaughterhouse, layout_gridlike, gammafunk_ghost_necromancy,
          nicolae_lair_liquid_snakes
Lair:5:   minmay_lair_end_enchanted_forest, layout_cave_pods,
          minmay_slime_entry_eyes

Notes
Turn   | Place    | Note
-------+----------+-------------------------------------------
     0 | D:1      | mcwallace the Vine Stalker Ice Elementalist began the quest
                  | for the Orb.
     0 | D:1      | Reached XP level 1. HP: 9/9 MP: 4/4
     0 | D:1      | magus.rc [v1.9.6]
   133 | D:1      | Reached XP level 2. HP: 13/14 MP: 6/6
   139 | D:1      | Found a faded altar of an unknown god.
   808 | D:1      | Reached skill level 1 in Fighting
   940 | D:1      | Reached XP level 3. HP: 18/18 MP: 7/7
   948 | D:1      | Reached skill level 2 in Dodging
  1497 | D:2      | Learned a level 3 spell: Frozen Ramparts
  1669 | D:2      | Found a blossoming altar of Fedhas.
  1679 | D:2      | You pick up a book of Storms and begin reading...
  1679 | D:2      | You add the spells Airstrike, Summon Lightning Spire and
                  | Lightning Bolt to your library.
  1701 | D:2      | Gained mutation: Your natural rate of healing is unusually
                  | fast. [Vine Stalker growth]
  1701 | D:2      | Reached XP level 4. HP: 19/22 MP: 6/9
  2287 | D:3      | Learned a level 3 spell: Ozocubu's Armour
  2464 | D:3      | Reached skill level 3 in Spellcasting
  2466 | D:3      | Reached skill level 1 in Air Magic
  2466 | D:3      | Reached XP level 5. HP: 26/26 MP: 4/10
  2777 | D:3      | Reached skill level 2 in Fighting
  2865 | D:4      | Noticed Ijyb
  2871 | D:4      | Killed Ijyb
  2993 | D:4      | Found Tojuh's General Store.
  2999 | D:4      | Bought a scroll of identify for 26 gold pieces
  3284 | D:4      | Noticed a lemure
  3285 | D:4      | Noticed a lemure
  3301 | D:4      | Killed a lemure
  3305 | D:4      | Noticed Pikel
  3307 | D:4      | Noticed a lemure
  3310 | D:4      | Noticed a lemure
  3312 | D:4      | Killed Pikel
  3313 | D:4      | Reached skill level 3 in Fighting
  3313 | D:4      | Reached skill level 3 in Dodging
  3313 | D:4      | Reached skill level 4 in Spellcasting
  3313 | D:4      | Reached skill level 5 in Ice Magic
  3313 | D:4      | Reached skill level 2 in Air Magic
  3313 | D:4      | Reached XP level 6. HP: 11/32 MP: 1/13
  3313 | D:4      | Reached XP level 7. HP: 12/36 MP: 1/14
  3628 | D:4      | Noticed a steam dragon
  3634 | D:4      | Reached skill level 3 in Air Magic
  3636 | D:4      | Killed a steam dragon
  3637 | D:4      | Gained mutation: You have razor-sharp teeth. [Vine Stalker
                  | growth]
  3637 | D:4      | Reached XP level 8. HP: 25/40 MP: 5/15
  3992 | D:5      | Entered Level 5 of the Dungeon
  4030 | D:5      | You add the spells Gell's Gravitas, Teleport Other and
                  | Dispersal to your library.
  4040 | D:5      | Found a staircase to the Ecumenical Temple.
  4046 | Temple   | Entered the Ecumenical Temple
  4064 | Temple   | Became a worshipper of the Shining One
  4179 | D:5      | Reached skill level 4 in Dodging
  4187 | D:5      | Noticed a wyvern
  4194 | D:5      | Killed a wyvern
  4195 | D:5      | Reached skill level 4 in Fighting
  4195 | D:5      | Reached skill level 5 in Spellcasting
  4195 | D:5      | Reached skill level 6 in Ice Magic
  4195 | D:5      | Reached skill level 4 in Air Magic
  4289 | D:5      | Found Turon's Armour Shoppe.
  4318 | D:5      | Bought a +2 cloak for 231 gold pieces
  4318 | D:5      | Bought a +1 helmet of intelligence for 231 gold pieces
  4921 | D:6      | Found a runed translucent gate.
  4921 | D:6      | Found a runed translucent gate.
  4921 | D:6      | Found a runed translucent gate.
  4926 | D:6      | Noticed a two-headed ogre
  4970 | D:6      | Noticed a manticore
  4972 | D:6      | Noticed quixfox's ghost (amateur GrEE)
  4988 | D:6      | You fall into a shaft and drop 1 floor!
  5269 | D:7      | Found an ornate altar of the Wu Jian Council.
  5396 | D:7      | Reached XP level 9. HP: 42/46 MP: 16/18
  5430 | D:7      | Found a burning altar of Makhleb.
  5514 | D:7      | Noticed a boulder beetle
  5519 | D:7      | HP: 8/46 [boulder beetle (7)]
  5613 | D:7      | Learned a level 4 spell: Airstrike
  5782 | D:8      | Noticed Erica
  5787 | D:8      | HP: 10/46 [Erica/+4 scimitar of flaming (3)]
  5789 | D:8      | Killed Erica
  5790 | D:8      | Reached skill level 5 in Air Magic
  5791 | D:8      | Reached skill level 6 in Spellcasting
  5792 | D:8      | HP: 9/46 [poisoned by Erica (bolt of poison)]
  5807 | D:8      | Identified 3 scrolls of acquirement
  5807 | D:8      | Acquired the +1 pair of boots "Acsu Utuzang" {rCorr Int+3}
  5821 | D:8      | Acquired 933 gold pieces
  5823 | D:8      | Acquired the +6 battleaxe "Ularphag" {spect, *Rage Int+6
                  | Dex+4}
  5884 | D:8      | Reached skill level 5 in Fighting
  5884 | D:8      | Reached skill level 5 in Dodging
  5884 | D:8      | Reached skill level 7 in Ice Magic
  5886 | D:8      | Reached skill level 1 in Axes
  5931 | D:8      | Reached * piety under the Shining One
  5953 | D:8      | Reached skill level 2 in Axes
  5955 | D:8      | Reached XP level 10. HP: 43/51 MP: 11/20
  6030 | D:8      | Found a staircase to the Lair.
  6199 | D:8      | Found an ancient bone altar of Kikubaaqudgha.
  6288 | D:8      | Reached skill level 6 in Air Magic
  6290 | D:8      | Reached ** piety under the Shining One
  6334 | D:8      | Reached skill level 6 in Fighting
  6334 | D:8      | Reached skill level 3 in Axes
  6338 | D:8      | Reached skill level 8 in Ice Magic
  6511 | D:8      | Identified the +11 scimitar of Vuimiec {drain, rF++ rC-
                  | Int-4 Dex+4}
  6533 | D:8      | You pick up a book of Air and begin reading...
  6533 | D:8      | You add the spells Shock and Swiftness to your library.
  6546 | Lair:1   | Entered Level 1 of the Lair of Beasts
  6546 | Lair:1   | Noticed a cane toad
  6549 | Lair:1   | Killed a cane toad
  6550 | Lair:1   | Reached skill level 6 in Dodging
  6562 | Lair:1   | HP: 10/53 [yak (6)]
  6563 | Lair:1   | HP: 1/53 [yak (4)]
  6569 | Lair:1   | HP: 5/53 [yak (2)]
  6572 | Lair:1   | Reached skill level 4 in Axes
  6572 | Lair:1   | Reached skill level 7 in Air Magic
  6582 | Lair:1   | Learned a level 4 spell: Summon Lightning Spire
  6633 | Lair:1   | Noticed a cane toad
  6640 | Lair:1   | Killed a cane toad
  6641 | Lair:1   | Reached XP level 11. HP: 58/58 MP: 16/21
  6900 | Lair:1   | Reached skill level 7 in Fighting
  7016 | Lair:1   | Noticed Rozof's ghost (journeyman GnCA)
  7018 | Lair:1   | Found a runed translucent door.
  7517 | Lair:2   | Noticed a four-headed hydra
  7529 | Lair:2   | Killed a nine-headed hydra
  7530 | Lair:2   | Reached skill level 5 in Axes
  7530 | Lair:2   | Reached skill level 1 in Armour
  7530 | Lair:2   | Reached skill level 7 in Dodging
  7559 | Lair:2   | Reached *** piety under the Shining One
  7585 | Lair:2   | Noticed a seven-headed hydra
  7598 | Lair:2   | Killed a four-headed hydra
  7635 | Lair:2   | Noticed a six-headed hydra
  7645 | Lair:2   | Killed a four-headed hydra
  7646 | Lair:2   | Reached skill level 2 in Armour
  7755 | Lair:2   | Noticed Amaemon
  7765 | Lair:2   | Killed Amaemon
  7780 | Lair:2   | Found a staircase to the Snake Pit.
  7791 | Lair:2   | Reached XP level 12. HP: 62/64 MP: 22/22
  7805 | Lair:2   | Reached skill level 3 in Armour
  7817 | Lair:2   | Found a staircase to the Swamp.
  7822 | Lair:2   | Reached skill level 1 in Invocations
  7835 | Lair:2   | Reached skill level 8 in Fighting
  7835 | Lair:2   | Reached skill level 6 in Axes
  7855 | Lair:2   | Reached skill level 2 in Invocations
  7941 | Lair:2   | Reached skill level 3 in Invocations
  8363 | Lair:3   | Noticed Urug
  8373 | Lair:3   | Killed Urug
  8393 | Lair:3   | Noticed a catoblepas
  8398 | Lair:3   | HP: 10/65 [catoblepas (9)]
  8401 | Lair:3   | Killed a catoblepas
  8402 | Lair:3   | Reached skill level 4 in Invocations
  8513 | Lair:3   | You pick up a book of Blood and begin reading...
  8513 | Lair:3   | You add the spells Sublimation of Blood, Wereblood and
                  | Summon Hydra to your library.
  8517 | Lair:3   | Learned a level 2 spell: Wereblood
  8567 | Lair:3   | Reached skill level 8 in Dodging
  8578 | Lair:3   | Reached skill level 4 in Armour
  8700 | Lair:3   | Noticed a seven-headed hydra
  8708 | Lair:3   | Killed a six-headed hydra
  8876 | Lair:3   | Reached skill level 5 in Invocations
  9461 | Lair:4   | Noticed a death yak
  9461 | Lair:4   | Noticed a death yak
  9461 | Lair:4   | Noticed a death yak
  9461 | Lair:4   | Reached **** piety under the Shining One
  9461 | Lair:4   | Noticed a death yak
  9461 | Lair:4   | Noticed a death yak
  9473 | Lair:4   | Reached skill level 7 in Axes
  9475 | Lair:4   | Noticed a death yak
  9479 | Lair:4   | Noticed a death yak
  9479 | Lair:4   | Noticed a death yak
  9480 | Lair:4   | Killed a death yak
  9481 | Lair:4   | Reached XP level 13. HP: 69/70 MP: 23/23
  9492 | Lair:4   | Reached skill level 6 in Invocations
  9677 | Lair:4   | Found a runed translucent gate.
 10021 | Lair:4   | Reached skill level 9 in Fighting
 10024 | Lair:4   | HP: 17/70 [death yak (43)]
 10028 | Lair:4   | Reached skill level 7 in Spellcasting
 10039 | Lair:4   | Reached skill level 5 in Armour
 10040 | Lair:4   | HP: 15/70 [death yak (11)]
 10120 | Lair:4   | Found a runed translucent gate.
 10121 | Lair:4   | Found a runed translucent gate.
 10123 | Lair:4   | Noticed zeratav's ghost (journeyman OpVM)
 10488 | Lair:4   | Killed zeratav's ghost
 10489 | Lair:4   | Reached skill level 7 in Invocations
 10520 | Lair:5   | Entered Level 5 of the Lair of Beasts
 10585 | Lair:5   | Found a viscous altar of Jiyva.
 10586 | Lair:5   | Found a staircase to the Slime Pits.
 10588 | Lair:5   | Paralysed by a floating eye for 4 turns
 10712 | Lair:5   | You add the spells Blink, Manifold Assault and Storm Form
                  | to your library.
 11245 | Lair:5   | Reached skill level 8 in Axes
 11270 | Lair:5   | Reached skill level 9 in Dodging
 11270 | Lair:5   | Reached skill level 8 in Invocations
 11277 | Lair:5   | Reached XP level 14. HP: 28/75 MP: 10/26
 11277 | Lair:5   | HP: 13/75 [spriggan rider/+0 spear (17)]
 11277 | Lair:5   | Slain by a spriggan rider

Vanquished Creatures
  The ghost of zeratav the Tainter, a journeyman OpVM of Gozag (Lair:4)
  A boulder beetle (Lair:5)
  4 hydras
  Erica (D:8)
  A catoblepas (Lair:3)
  9 death yaks (Lair:4)
  Urug (Lair:3)
  Amaemon (Lair:2)
  Pikel (D:4)
  A spectral hydra (Lair:4)
  2 black mambas
  10 elephants
  An orange demon (Lair:2)
  An eye of devastation (Lair:5)
  7 cane toads
  4 rime drakes
  2 komodo dragons
  A queen bee (Lair:1)
  A troll (D:8)
  5 polar bears
  3 hornets (Lair:5)
  5 dream sheep
  9 spriggans (Lair:5)
  5 wyverns
  32 yaks
  2 humans (Lair:4)
  A basilisk (Lair:3)
  A steam dragon (D:4)
  2 death yak simulacra (Lair:4)
  2 nagas (Lair:2)
  8 water moccasins
  A floating eye (Lair:5)
  An ice beast (D:5)
  A sky beast (D:8)
  2 black bears
  A boggart (Lair:5)
  16 wolves
  A boulder beetle simulacrum (Lair:4)
  An ogre (D:4)
  A centaur (D:6)
  A lemure (D:4)
  A phantom (Temple)
  A kobold brigand (D:8)
  12 bullfrogs
  2 scorpions (D:5)
  5 wights (D:8)
  24 killer bees (Lair:1)
  9 electric eels
  A howler monkey (D:5)
  3 lava snakes (Lair:4)
  2 komodo dragon simulacra (Lair:4)
  5 crimson imps (D:8)
  7 hounds
  A jelly (D:4)
  2 orc priests
  Ijyb (D:4)
  4 hell rats (Lair:2)
  3 iguanas
  3 orc wizards
  A gnoll (D:4)
  6 adders
  A shadow imp (D:7)
  5 white imps
  4 worms
  5 dart slugs
  17 orcs
  7 ball pythons
  2 bats
  13 endoplasms
  4 giant cockroaches
  11 goblins
  5 hobgoblins
  7 jackals
  10 kobolds
  3 quokkas
  9 frilled lizards
  3 rats
  A bush (Lair:4)
351 creatures vanquished.

Vanquished Creatures (collateral kills)
  A hydra (Lair:3)
1 creature vanquished.

Vanquished Creatures (others)
  A crimson imp (D:8)
  14 fungi
  21 plants
36 creatures vanquished.

Grand Total: 388 creatures vanquished

Table legend:
 A = Non-vault XP
 B = Vault XP
 C = Vault XP percentage of total XP
 D = Non-vault monster count
 E = Vault monster count
 F = Vault count percentage of total count
                 A         B        C        D         E       F
            +---------+---------+-------+---------+---------+-------
      Total |   30132 |   24174 |  44.5 |     219 |     131 |  37.4
            +---------+---------+-------+---------+---------+-------
        D:1 |      47 |       0 |   0.0 |      25 |       0 |   0.0
        D:2 |      68 |       0 |   0.0 |      22 |       0 |   0.0
        D:3 |     121 |       0 |   0.0 |      19 |       0 |   0.0
        D:4 |     199 |    1018 |  83.6 |      15 |      16 |  51.6
        D:5 |     631 |       0 |   0.0 |      15 |       0 |   0.0
        D:6 |     108 |       0 |   0.0 |       1 |       0 |   0.0
        D:7 |     151 |      40 |  20.9 |       9 |       1 |  10.0
        D:8 |    2880 |    1817 |  38.7 |      33 |      16 |  32.7
     Temple |     100 |       0 |   0.0 |       1 |       0 |   0.0
     Lair:1 |    2071 |    3026 |  59.4 |      11 |      30 |  73.2
     Lair:2 |    8876 |    1531 |  14.7 |      29 |       4 |  12.1
     Lair:3 |    6785 |     800 |  10.5 |      21 |       1 |   4.5
     Lair:4 |    4596 |    8566 |  65.1 |      10 |      27 |  73.0
     Lair:5 |    3499 |    7376 |  67.8 |       8 |      36 |  81.8
            +---------+---------+-------+---------+---------+-------

Illustrated notes

Table legend:
 A = Kills in this place as a percentage of kills in entire the game.
 B = Kills by you in this place as a percentage of kills by you in the entire game.
 C = Kills by friends in this place as a percentage of kills by friends in the entire game.
 D = Other kills in this place as a percentage of other kills in the entire game.
 E = Experience gained in this place as a percentage of experience gained in the entire game.
 F = Experience gained in this place divided by the number of levels of this place that you have seen.
                   A       B       C       D       E      F
               +-------+-------+-------+-------+-------+----------------------
         Total | 100.0 | 100.0 | 100.0 |   N/A | 100.0 | 3879.0
       Dungeon |  49.1 |  49.3 |   0.0 |   N/A |  13.0 | 885.0
        Temple |   0.3 |   0.3 |   0.0 |   N/A |   0.2 | 100.0
          Lair |  50.6 |  50.4 | 100.0 |   N/A |  86.8 | 9425.2
               +-------+-------+-------+-------+-------+----------------------

Table legend: (Time is in decaauts)
 A = Elapsed time spent in this place.
 B = Non-inter-level travel time spent in this place.
 C = Inter-level travel time spent in this place.
 D = Time resting spent in this place.
 E = Time spent auto-exploring this place.
 F = Levels seen in this place.
 G = Mean time per level.
                   A        B        C        D        E       F      G
               +--------+--------+--------+--------+--------+-----+--------+
         Total |  11840 |  11479 |    361 |     54 |   9032 |  14 |  845.7 |
       Dungeon |   6714 |   6429 |    285 |      9 |   5193 |   8 |  839.2 |
        Temple |     30 |     30 |      0 |      0 |      0 |   1 |   30.0 |
          Lair |   5095 |   5020 |     75 |     45 |   3838 |   5 | 1019.0 |
               +--------+--------+--------+--------+--------+-----+--------+

Top non-repeatable levels by time:
     D:4: 1239 daAuts
     D:1: 1224 daAuts
  Lair:4: 1194 daAuts
  Lair:3: 1110 daAuts
     D:2: 1024 daAuts
  Lair:1: 987 daAuts
  Lair:2: 961 daAuts
     D:8: 846 daAuts
  Lair:5: 842 daAuts
     D:7: 799 daAuts
     D:5: 764 daAuts
     D:3: 702 daAuts
     D:6: 112 daAuts
  Temple: 30 daAuts
